 Dungeon Sprint DCSS version 0.23.1 (webtiles) character file.

Game seed: 12404700151648179145

7494 Fang the Fighter (level 11, -1/80 HPs)
             Began as a Gargoyle Berserker on Mar 19, 2019.
             Was a High Priest of Trog.
             Slain by an orc knight
             ... wielding a +0 bardiche
              (34 damage)
             ... in the Dungeon (Sprint IX: "|||||||||||||||||||||||||||||").
             The game lasted 00:04:16 (2263 turns).

Fang the Fighter (Gargoyle Berserker)               Turns: 2263, Time: 00:04:17

Health: -1/80      AC: 26    Str: 25    XL:     11   Next: 16%
Magic:  11/11      EV: 12    Int: 11    God:    Trog [*****.]
Gold:   1133       SH:  0    Dex:  9    Spells: 10/10 levels left

rFire    . . .     SeeInvis .   q - +3 battleaxe of Eternal Vigilance {distort, rElec rN++ MR- Str-2}
rCold    . . .     Gourm    .   (shield currently unavailable)
rNeg     + + +     Faith    .   n - +0 plate armour
rPois    ∞         Spirit   .   a - +0 helmet
rElec    +         Reflect  .   (no cloak)
rCorr    .         Harm     .   (no gloves)
MR       +....     NoTele   +   (no boots)
Stlth    ..........             (no amulet)
HPRegen  1.23/turn              o - +3 ring of strength
MPRegen  0.12/turn              p - +3 ring of intelligence

@: weakened, berserk cooldown, regenerating, slowed, very slow
A: negative energy resistance 1, electricity resistance, unbreathing,
petrification resistance, rot immunity, AC +8
a: Berserk, Trog's Hand, Brothers in Arms, Renounce Religion


You were in the Dungeon.
You worshipped Trog.
Trog was extremely pleased with you.
You were near starving.

You visited 1 branch You collected 1133 gold pieces.

Inventory:

Hand Weapons
 m - a +3 war axe of chopping
 q - the +3 battleaxe of Eternal Vigilance (weapon) {distort, rElec rN++ MR- Str-2}
   (Trog gifted it to you in the Dungeon)

   It warps and distorts space around it.
   Unwielding it can cause banishment or high damage.
   It affects your strength (-2).
   It insulates you from electricity.
   It greatly protects you from negative energy.
   It affects your resistance to hostile enchantments.
 t - a +4 executioner's axe of electrocution
 u - a +5 antimagic battleaxe
 v - a +5 antimagic battleaxe
Armour
 a - a +0 helmet (worn)
 n - a +0 plate armour (worn)
Jewellery
 o - a +3 ring of strength (left hand)
 p - a +3 ring of intelligence (right hand)
Wands
 l - a wand of acid (10)
Scrolls
 i - 2 scrolls of blinking
 k - 5 scrolls of remove curse
 r - 2 scrolls of enchant weapon
 s - 2 scrolls of fog
Potions
 b - a potion of resistance
 d - 7 potions of curing
 e - 7 potions of heal wounds
 f - a potion of haste
 g - 4 potions of magic
 h - a potion of berserk rage
 j - a potion of invisibility
Comestibles
 c - 11 rations


   Skills:
 + Level 14.4 Fighting
 + Level 12.4 Axes
 + Level 14.3 Armour
 + Level 11.4 Dodging


You had 10 spell levels left.
You didn't know any spells.
Your spell library was empty.

Dungeon Overview and Level Annotations

Branches:
Dungeon (1/1)

Altars:
Cheibriados
Dithmenos
Elyvilon
Fedhas
Gozag
Hepliaklqana
Kikubaaqudgha
Makhleb
Nemelex Xobeh
Okawaru
Qazlal
Ru
Sif Muna
Trog
Uskayaw
Vehumet
Wu Jian
Xom
Yredelemnul
Zin
The Shining One
Beogh
Jiyva
Lugonu

Shops:
D }!


Innate Abilities, Weirdness & Mutations

You are resistant to torment.
Your stone body is resilient. (AC +8)
You are immune to poison.
You resist negative energy. (rN+)
You are resistant to electric shocks. (rElec)
You can survive without breathing.
You are immune to petrification.
You are immune to rotting.


Message History

An orc knight comes into view. It is wielding a +0 war axe.
The orc high priest hits you from afar with a +0 trident.
The orc knight barely misses you.
Your skin crawls.
You feel resistant to hostile enchantments.
You are near starving!
The orc high priest mumbles some strange prayers to Beogh.
The orc knight roars a battlecry!
The orcs go into a battle-frenzy!
The orc high priest hits you but does no damage.
You closely miss the orc knight.
The orc knight is almost dead.
The orc knight hits you with a +0 bardiche!
The orc high priest completely misses you.
The orc knight roars a battlecry!
The orc knight goes into a battle-frenzy!
You hit the orc knight.
The orc knight is almost dead.
The orc knight hits you with a +0 bardiche!!
You die...

▓.▓.▓.▓.▓_▓
▓.▓.▓.▓.▓_▓
▓.▓.▓.▓.▓_▓
▓.▓.▓.▓.▓_▓
▓.▓.▓.▓.▓_▓
▓.▓.▓.▓.▓_▓
▓(▓.▓.▓.▓_▓
▓)▓.▓.▓.▓_▓
▓@▓.▓'▓.▓'▓
▓o▓.▓.▓.▓.▓
▓o▓.▓.▓.▓?▓
▓4▓.▓.▓.▓|▓
▓4▓.▓.▓.▓)▓
▓o▓.▓.▓.▓[▓
▓.▓.▓.▓.▓.▓
▓∩▓.▓.▓.▓.▓
▓.▓.▓.▓.▓


You could see 2 orc knights, an orc high priest, a chaos spawn and a red devil.

Vanquished Creatures
  An orc knight (D)
  A lindwurm (D)
  A spiny frog (D)
  2 trolls (D)
  3 hippogriffs (D)
  A yak (D)
  4 water moccasins (D)
  A porcupine (D)
  An ice beast (D)
  3 orc warriors (D)
  An ogre (D)
  2 sky beasts (D)
  2 crocodiles (D)
  2 bullfrogs (D)
  A howler monkey (D)
  2 crimson imps (D)
  An orc priest (D)
  An orc wizard (D)
  A worker ant (D)
  2 adder zombies (D)
  2 worms (D)
  6 orcs (D)
  A bat (D)
  A goblin (D)
  A hobgoblin (D)
  A jackal (D)
  A kobold (D)
  A frilled lizard (D)
  A rat (D)
48 creatures vanquished.

Vanquished Creatures (collateral kills)
  An ettin (D)
  An orc high priest (D)
  2 lindwurms (D)
  5 orc knights (D)
  A tyrant leech (D)
  4 orc warriors (D)
  An orc priest (D)
  An orc wizard (D)
  2 orcs (D)
18 creatures vanquished.

Vanquished Creatures (others)
  An orc knight (D)
  A tyrant leech (D)
  2 orc warriors (D)
4 creatures vanquished.

Grand Total: 70 creatures vanquished

Notes
Turn   | Place    | Note
-------+----------+-------------------------------------------
     0 | D        | Fang the Gargoyle Berserker began the quest for the Orb.
     0 | D        | Reached XP level 1. HP: 14/14 MP: 1/1
     8 | D        | Reached ** piety under Trog
    21 | D        | Noticed a sky beast
    26 | D        | Killed a sky beast
    26 | D        | Reached skill level 5 in Fighting
    26 | D        | Reached skill level 5 in Armour
    26 | D        | Reached XP level 2. HP: 21/22 MP: 2/2
    26 | D        | Reached XP level 3. HP: 26/27 MP: 3/3
    26 | D        | Reached XP level 4. HP: 31/32 MP: 4/4
    28 | D        | Reached *** piety under Trog
   228 | D        | Found a roughly hewn altar of Beogh.
   228 | D        | Found a snail-covered altar of Cheibriados.
   228 | D        | Found a shadowy altar of Dithmenos.
   228 | D        | Found a white marble altar of Elyvilon.
   228 | D        | Found a blossoming altar of Fedhas.
   228 | D        | Found an opulent altar of Gozag.
   229 | D        | Found a hazy altar of Hepliaklqana.
   230 | D        | Found a viscous altar of Jiyva.
   231 | D        | Found an ancient bone altar of Kikubaaqudgha.
   232 | D        | Found a corrupted altar of Lugonu.
   233 | D        | Found a burning altar of Makhleb.
   234 | D        | Found a sparkling altar of Nemelex Xobeh.
   235 | D        | Found an iron altar of Okawaru.
   236 | D        | Found a stormy altar of Qazlal.
   237 | D        | Found a sacrificial altar of Ru.
   238 | D        | Found a deep blue altar of Sif Muna.
   239 | D        | Found a bloodstained altar of Trog.
   240 | D        | Found a hide-covered altar of Uskayaw.
   241 | D        | Found a radiant altar of Vehumet.
   242 | D        | Found an ornate altar of the Wu Jian Council.
   243 | D        | Found a shimmering altar of Xom.
   244 | D        | Found a basalt altar of Yredelemnul.
   245 | D        | Found a glowing silver altar of Zin.
   246 | D        | Found a glowing golden altar of the Shining One.
   301 | D        | Noticed an ogre
   301 | D        | Noticed a troll
   305 | D        | Killed an ogre
   305 | D        | Reached **** piety under Trog
   305 | D        | Reached skill level 5 in Axes
   305 | D        | Reached XP level 5. HP: 38/38 MP: 5/5
   307 | D        | Reached skill level 5 in Dodging
   307 | D        | Reached XP level 6. HP: 44/44 MP: 6/6
   310 | D        | Killed a troll
   316 | D        | Reached ***** piety under Trog
   316 | D        | Reached XP level 7. HP: 50/50 MP: 7/7
   371 | D        | Noticed a troll
   387 | D        | Killed a troll
   387 | D        | Received a gift from Trog
   387 | D        | Reached XP level 8. HP: 20/57 MP: 8/8
   395 | D        | Reached skill level 10 in Fighting
   398 | D        | Got an ancient battleaxe {god gift}
   399 | D        | Identified the +3 battleaxe of Eternal Vigilance {distort,
                  | rElec rN++ MR- Str-2} (Trog gifted it to you in the
                  | Dungeon)
   726 | D        | Noticed a yak
   726 | D        | Noticed a hippogriff
   726 | D        | Noticed a hippogriff
   729 | D        | Killed a yak
   729 | D        | Reached skill level 10 in Armour
   730 | D        | Noticed a spiny frog
   733 | D        | Noticed a yak
   745 | D        | Killed a hippogriff
   753 | D        | Killed a spiny frog
   753 | D        | Reached XP level 9. HP: 49/64 MP: 9/9
   762 | D        | Received a gift from Trog
  1093 | D        | Reached skill level 10 in Axes
  1151 | D        | Noticed a tyrant leech
  1151 | D        | Noticed a lindwurm
  1151 | D        | Noticed a tyrant leech
  1151 | D        | Noticed a lindwurm
  1153 | D        | Reached ****** piety under Trog
  1154 | D        | Noticed a lindwurm
  1157 | D        | Noticed a tyrant leech
  1167 | D        | Killed a lindwurm
  1169 | D        | Banished a tyrant leech
  1169 | D        | Reached XP level 10. HP: 42/72 MP: 10/10
  1173 | D        | Killed a lindwurm
  1174 | D        | Killed a lindwurm
  1174 | D        | Reached skill level 10 in Dodging
  1613 | D        | Received a gift from Trog
  1617 | D        | Noticed an ettin
  1629 | D        | Killed an ettin
  1634 | D        | Received a gift from Trog
  1988 | D        | Noticed an orc knight
  1993 | D        | Killed an orc knight
  1993 | D        | Received a gift from Trog
  1994 | D        | Noticed an orc knight
  2000 | D        | Killed an orc knight
  2225 | D        | Found Piytz's Gadget Emporium.
  2225 | D        | Noticed an orc knight
  2225 | D        | Noticed an orc knight
  2225 | D        | Noticed an orc high priest
  2225 | D        | Noticed an orc knight
  2225 | D        | Noticed an orc knight
  2226 | D        | Noticed an orc knight
  2230 | D        | Killed an orc knight
  2232 | D        | Killed an orc knight
  2234 | D        | Killed an orc high priest
  2235 | D        | Noticed an orc knight
  2236 | D        | Noticed an orc high priest
  2237 | D        | Killed an orc knight
  2237 | D        | Reached XP level 11. HP: 80/80 MP: 11/11
  2246 | D        | Banished an orc knight
  2250 | D        | Killed an orc knight
  2256 | D        | Found Taruma's Distillery.
  2260 | D        | Noticed an orc knight
  2263 | D        | Slain by an orc knight

Skill      XL: |  1  2  3  4  5  6  7  8  9 10 |
---------------+-------------------------------+-----
Axes           | 4 5 6 7 8 9 10 12 | 12.4
Dodging        | 3 4 5 6 7 8 9 11 | 11.4
Armour         | 5 6 8 9 11 12 14 | 14.3
Fighting       | 5 7 8 9 11 12 14 | 14.4

Action                   |  1- 3 |  4- 6 |  7- 9 | 10-12 || total
-------------------------+-------+-------+-------+-------++-------
Melee: Hand axe          |    15 |     9 |       |       ||    24
       War axe           |       |    13 |    22 |       ||    35
       Battleaxe         |       |       |    76 |    47 ||   123
Invok: Berserk           |     1 |     1 |     4 |     1 ||     7
       Brothers in Arms  |       |       |       |     4 ||     4
       Trog's Hand       |       |       |       |     1 ||     1
  Use: Potion            |       |       |       |     2 ||     2
  Eat: Chunk             |       |       |     5 |     2 ||     7
       Ration            |       |       |       |     1 ||     1
Armor: Animal skin       |     6 |     1 |       |       ||     7
       Plate armour      |       |     5 |    87 |    32 ||   124
Dodge: Dodged            |     6 |     6 |    49 |    29 ||    90
